 Dungeon Crawl Stone Soup version 0.19-a0-994-g3c636f0 (webtiles) character file.

3649 mistymad the Spear-Bearer (level 10, -3/81 HPs)
             Began as a Merfolk Gladiator on July 17, 2016.
             Was a Follower of Fedhas.
             Slain by a manticore (17 damage)
             ... on level 7 of the Dungeon.
             The game lasted 00:17:48 (8413 turns).

mistymad the Spear-Bearer (Merfolk Gladiator)       Turns: 8413, Time: 00:17:48

Health: -3/81      AC:  7    Str: 19    XL:     10   Next: 12%
Magic:  10/10      EV: 21    Int:  7    God:    Fedhas [*.....]
Gold:   374        SH:  3    Dex: 15    Spells: 0 memorised, 9 levels left

rFire  . . .     SeeInvis .     a - +1 trident
rCold  . . .     Gourm    .     i - +0 ring mail
rNeg   + . .     Faith    .     (no shield)
rPois  .         Spirit   .     c - +0 helmet
rElec  .         Dismiss  .     (no cloak)
rCorr  .         Reflect  +     (no gloves)
SustAt .         Harm     .     (no boots)
MR     .....                    u - +3 amulet of reflection
Stlth  +.........               w - ring of positive energy
                                h - +4 ring of evasion

@: manticore barbs, very slightly contaminated, hasted, very quick, not
resistant to hostile enchantments, very unstealthy
A: change form in water, swift swim
a: Evolution, Renounce Religion


You were on level 7 of the Dungeon.
You worshipped Fedhas.
Fedhas was aware of your devotion.
You were very hungry.

You visited 1 branch of the dungeon, and saw 7 of its levels.

You collected 374 gold pieces.

Inventory:

Hand Weapons
 a - a +1 trident (weapon)
Missiles
 d - a throwing net (quivered)
Armour
 b - a +2 large shield
 c - a +0 helmet (worn)
 i - a +0 ring mail (worn)
Jewellery
 h - a +4 ring of evasion (left hand)
 n - an uncursed ring of fire
 p - an uncursed ring of protection from cold
 u - a +3 amulet of reflection (around neck)
 w - a ring of positive energy (right hand)
Wands
 B - a wand of iceblast (15/15)
Scrolls
 e - 6 scrolls of remove curse
 k - a scroll of fog
 m - 3 scrolls of teleportation
 v - a scroll of enchant weapon
 y - a scroll of identify
Potions
 j - a potion of mutation
 o - a potion of heal wounds
 q - a potion of haste
 r - a potion of curing {unknown}
 s - 2 potions of invisibility {unknown}
 t - a potion of cure mutation {unknown}
 z - a potion of flight {unknown}
 A - a potion of cancellation {unknown}
Comestibles
 f - a bread ration
 g - 4 meat rations
 l - 3 beef jerkies


   Skills:
 + Level 8.3 Fighting
 + Level 10.8 Polearms
 - Level 2.0 Throwing
 + Level 5.1 Armour
 + Level 10.0 Dodging


You had 9 spell levels left.
You didn't know any spells.

Dungeon Overview and Level Annotations

Branches:
Dungeon (7/15)
 Temple: D:4-7

Altars:
Fedhas

Annotations:
D:6 1 runed door


Message History

The manticore is heavily wounded.
The manticore bites you.
* * * LOW HITPOINT WARNING * * *
The manticore completely misses you. The manticore barely misses you.
You take 5 damage, and have 19/81 hp.
You barely miss the manticore.
The manticore is heavily wounded.
You closely miss the manticore.
The manticore is heavily wounded.
The manticore misses you. The manticore completely misses you.
The manticore claws you.
* * * LOW HITPOINT WARNING * * *
You take 6 damage, and have 14/81 hp.
You barely miss the manticore.
The manticore is heavily wounded.
You hit the manticore.
The manticore is severely wounded.
The manticore bites you!
You die...
Fedhas appreciates your contribution to the ecosystem.

...#....# ####
...#....##P.PP#....#
..##....##....#....#####
..####+#................
..........P.............
.........#..............
.........+..............
.........#.......H..>...
..##..##.#......@.......
..##..##+##'###'########
......§§§§§............
....§.§.§§.............
....§§)§§P............!
......§§§8.............
#####§§§###############
#####


You could see a manticore.

Vanquished Creatures
  Pikel (D:4)
  Grinder (D:5)
  Menkaure (D:4)
  Edmund (D:4)
  Duvessa (D:5)
  An orc warrior (D:6)
  An ice beast (D:5)
  3 ogres
  2 centaurs
  Blork the orc (D:4)
  Dowan (D:5)
  A giant frog (D:5)
  4 scorpions
  A killer bee (D:6)
  A water moccasin skeleton (D:6)
  6 wights (D:7)
  4 crimson imps
  8 hounds
  A centaur zombie (D:5)
  2 jellies (D:5)
  4 orc wizards
  An orc priest (D:6)
  An iguana (D:4)
  Ijyb (D:3)
  Natasha (thrice) (D:2)
  13 worker ants
  A hound skeleton (D:7)
  A mummy (D:7)
  12 gnolls
  4 adders
  An adder skeleton (D:7)
  3 dart slugs
  7 giant geckos
  16 orcs
  2 bats (D:1)
  6 giant cockroaches
  3 hobgoblins
  22 jackals
  A quokka (D:4)
  2 ball pythons
  A giant newt (D:4)
  9 goblins
  7 kobolds
  4 rats (D:1)
  2 butterflies (D:6)
169 creatures vanquished.

Vanquished Creatures (others)
  2 slaves (D:4)
  3 necrophages (D:7)
  An ogre (D:4)
  2 orc wizards (D:4)
  2 worker ant zombies (D:7)
  An ooze (D:4)
  A ball python (D:4)
  A kobold (D:3)
  41 toadstools
54 creatures vanquished.

Grand Total: 223 creatures vanquished

Notes
Turn   | Place    | Note
-------+----------+-------------------------------------------
     0 | D:1      | mistymad the Merfolk Gladiator began the quest for the Orb.
     0 | D:1      | Reached XP level 1. HP: 16/16 MP: 1/1
   326 | D:1      | Reached XP level 2. HP: 12/22 MP: 2/2
  1071 | D:2      | Reached XP level 3. HP: 28/28 MP: 3/3
  1136 | D:2      | Noticed Natasha
  1140 | D:2      | Killed Natasha
  1140 | D:2      | Reached skill level 5 in Polearms
  1140 | D:2      | Reached skill level 1 in Armour
  1140 | D:2      | Reached XP level 4. HP: 27/34 MP: 4/4
  1578 | D:2      | Reached skill level 5 in Dodging
  1683 | D:2      | Reached XP level 5. HP: 40/41 MP: 5/5
  1760 | D:2      | Found a faded altar of an unknown god.
  2015 | D:2      | Noticed Natasha
  2027 | D:2      | Killed Natasha
  2062 | D:2      | Noticed Natasha
  2079 | D:1      | Reached XP level 6. HP: 13/48 MP: 6/6
  2293 | D:2      | Killed Natasha
  2986 | D:3      | Noticed Ijyb
  2999 | D:3      | Killed Ijyb
  3396 | D:3      | Reached XP level 7. HP: 9/55 MP: 7/7
  3677 | D:4      | Noticed Menkaure
  3928 | D:4      | Noticed Blork the orc
  3938 | D:4      | Killed Blork the orc
  3940 | D:4      | Noticed Pikel
  3983 | D:4      | Killed Pikel
  3983 | D:4      | Reached skill level 5 in Fighting
  3983 | D:4      | Reached XP level 8. HP: 48/63 MP: 8/8
  4307 | D:4      | Killed Menkaure
  4508 | D:4      | Noticed Edmund
  4533 | D:4      | Killed Edmund
  4862 | D:5      | Entered Level 5 of the Dungeon
  4862 | D:5      | Noticed Grinder
  4870 | D:5      | Paralysed by Grinder for 4 turns
  4884 | D:5      | Paralysed by Grinder for 5 turns
  4898 | D:5      | Killed Grinder
  4898 | D:5      | Reached XP level 9. HP: 28/71 MP: 9/9
  5948 | D:5      | Noticed Dowan
  5950 | D:5      | Noticed Duvessa
  5980 | D:5      | Killed Duvessa
  5999 | D:5      | Killed Dowan
  6339 | D:6      | Reached skill level 10 in Polearms
  6918 | D:6      | Found a blossoming altar of Fedhas.
  6928 | D:6      | Became a worshipper of Fedhas Madash
  7299 | D:6      | Found a runed door.
  7339 | D:6      | Reached * piety under Fedhas
  7561 | D:6      | Found a runed door.
  7621 | D:6      | Reached skill level 5 in Armour
  7626 | D:6      | Reached XP level 10. HP: 61/80 MP: 10/10
  8315 | D:7      | Reached skill level 10 in Dodging
  8382 | D:7      | Noticed a manticore
  8413 | D:7      | Slain by a manticore

Vault maps used:
D:1:      dpeg_arrival_snail
D:2:      ecumenical_altar_2, first_bread, cheibrodos_gnoll_hut, uniq_natasha
D:3:      wad_floor_pattern_untrapped, minmay_door_square, uniq_iyjb
D:4:      kennysheep_boxes, uniq_pikel, uniq_menkaure, uniq_edmund,
          uniq_blork_the_orc
D:5:      uniq_duvessa, uniq_grinder
D:6:      lemuel_insect_pit, fedhas_altar_1
D:7:      serial_undead, serial_undead_a, serial_undead_a, serial_undead_a,
          serial_undead_b, serial_undead_e, serial_undead_e,
          lightli_corner_chamber

Skill      XL: |  1  2  3  4  5  6  7  8  9 10 |
---------------+-------------------------------+-----
Polearms       | 5 6 7 9 10 | 10.8
Armour         | 1 2 3 4 5 |  5.1
Fighting       | 3 4 5 6 8 |  8.3
Dodging        | 5 6 7 8 9 10 | 10.0
Throwing       | |  2.0

Action                   |  1- 3 |  4- 6 |  7- 9 | 10-12 || total
-------------------------+-------+-------+-------+-------++-------
Melee: Trident           |    76 |   202 |   493 |   115 ||   886
       Tailslap          |       |       |     7 |       ||     7
Throw: Throwing net      |     3 |       |     4 |       ||     7
  Use: Scroll            |       |    12 |     3 |     1 ||    16
       Potion            |       |       |     1 |     3 ||     4
 Stab: Held in net/web   |       |       |     6 |       ||     6
  Eat: Chunk             |     1 |     7 |     9 |     2 ||    19
       Bread ration      |       |       |     1 |       ||     1
Armor: Leather armour    |     4 |       |       |       ||     4
       Ring mail         |     3 |    45 |    37 |    14 ||    99
Dodge: Dodged            |    69 |   159 |   280 |    76 ||   584
Block: Other             |       |     5 |    43 |    11 ||    59
       Reflection        |       |     1 |     2 |       ||     3
